 Dungeon Crawl Stone Soup version 0.30-a0-241-g1121274140 (webtiles) character file.

Game seed: 8494015677366310395

145 greasedhog the Sneak (level 5, 0/32 HPs)
             Began as a Gargoyle Enchanter on Oct 11, 2022.
             Splashed by a jelly's acid (6 damage)
             ... on level 4 of the Dungeon.
             The game lasted 00:05:39 (4191 turns).

greasedhog the Sneak (Gargoyle Enchanter)           Turns: 4191, Time: 00:05:42

Health: 0/32       AC: -2    Str: 12    XL:     5   Next: 27%
Magic:  8/8        EV: 12    Int: 15    God:
Gold:   104        SH:  0    Dex: 12    Spells: 8/8 levels left

rFire   . . .      SeeInvis .    b - +1 rapier
rCold   . . .      Faith    .    (no shield)
rNeg    + . .      Spirit   .    n - +0 robe
rPois   ∞          Reflect  .    (no helmet)
rElec   +          Harm     .    (no cloak)
rCorr   .          Rampage  .    (no gloves)
Will    .....                    (no boots)
Stlth   +++.......               (no amulet)
HPRegen 0.25/turn                (no ring)
MPRegen 0.11/turn                (no ring)

@: corroded
A: sickness immunity, AC +4, negative energy resistance 1, electricity
resistance, torment resistance 1, petrification resistance
a: no special abilities


You were on level 4 of the Dungeon.
You visited 1 branch of the dungeon, and saw 4 of its levels.

You collected 104 gold pieces.

Inventory:

Hand Weapons
 a - a +0 dagger of speed
 b - a +1 rapier (weapon)
Missiles
 f - 4 curare-tipped darts (quivered)
Armour
 n - a +0 robe (worn)
Scrolls
 d - a scroll of amnesia {unknown}
 g - a scroll of enchant weapon
 j - a scroll of enchant armour
 m - a scroll of poison {unknown}
 o - 2 scrolls of fear {unknown}
Potions
 c - 2 potions of invisibility
 e - a potion of might {unknown}
 h - 2 potions of heal wounds {unknown}
 i - a potion of flight {unknown}
 k - 2 potions of curing {unknown}
 l - 2 potions of haste {unknown}


   Skills:
 * Level 2.8 Fighting
 * Level 2.6 Short Blades
 - Level 1.5 Dodging
 * Level 4.7 Stealth
 - Level 2.0 Spellcasting
 - Level 2.6 Hexes


You had 8 spell levels left.
You didn't know any spells.
Your spell library contained the following spells:

 Spells                   Type           Power      Damage    Failure   Level
 Ensorcelled Hibernation  Hex/Ice        10%        N/A       19%         2
 Confusing Touch          Hex            9%         N/A       22%         3
 Tukima's Dance           Hex            9%         N/A       22%         3
 Dazzling Flash           Conj/Hex       10%        N/A       36%         3
 Kindle Blastsparks       Fire/Tloc/Air  2%         2d10      54%         3
 Fulminant Prism          Conj/Hex       2%         3d6       77%         4
 Iskenderun's Mystic Bla  Conj/Tloc      1%         2d3       91%         4
 Lee's Rapid Deconstruct  Erth           0%         3d5*      99%         5


Dungeon Overview and Level Annotations

Branches:
Dungeon (4/15)
 Temple: D:4-7

Altars:
Makhleb


Innate Abilities, Weirdness & Mutations

You are immune to sickness and miasma.
Your stone body is resilient. (AC +4)
You are immune to poison.
You resist negative energy. (rN+)
You are resistant to electric shocks. (rElec)
You are resistant to unholy torment.
You are immune to petrification.


Message History

Search for what [Enter for "curare", or ? for help]? leath The endoplasm quivers.
A jelly comes into view.
The jelly quivers.
You hit the endoplasm.
The endoplasm is moderately wounded.
The endoplasm hits you.
You hit the endoplasm.
The endoplasm is heavily wounded.
The endoplasm hits you.
You hit the endoplasm but do no damage.
The endoplasm is heavily wounded.
The endoplasm jiggles.
The endoplasm freezes you.
You are frozen.
You hit the endoplasm.
You kill the endoplasm!
The jelly hits you but does no damage.
You hit the jelly but do no damage.
Your hands burn!
The jelly hits you but does no damage.
You barely miss the jelly. The jelly closely misses you.
You puncture the jelly!
Your hands burn!
The jelly is moderately wounded.
The jelly barely misses you.
You hit the jelly.
Your hands burn!
The jelly is moderately wounded.
The jelly hits you.
You are splashed with acid!
You hit the jelly. The acid corrodes you!
Your hands burn!
The jelly is heavily wounded.
The jelly barely misses you.
You hit the jelly.
Your hands burn!
The jelly is severely wounded.
The jelly barely misses you.
You hit the jelly but do no damage.
Your hands burn!
* * * LOW HITPOINT WARNING * * *
The jelly is severely wounded.
The jelly hits you.
* * * LOW HITPOINT WARNING * * *
The acid corrodes you!
You are splashed with acid.
You die...

... ... #. .# ... #. .#
#.########.# ##.#.##
........##.# .....#
#.##.# ##..... #@##.##
#...... #J#...## #.....
#......## #...#
##.......## ##..##
#.........####...##
...............'........
....##.........####...##
.#. ##.......## ##..# #
##.....## .....#


You could see a jelly.

Vanquished Creatures
  3 gnolls (D:3)
  4 adders
  2 worms
  A dart slug (D:1)
  4 orcs
  5 ball pythons
  7 bats
  7 endoplasms
  4 giant cockroaches
  4 goblins
  5 hobgoblins
  4 quokkas
  5 frilled lizards
  7 kobolds
  3 rats
65 creatures vanquished.

Notes
Turn   | Place    | Note
-------+----------+-------------------------------------------
     0 | D:1      | greasedhog the Gargoyle Enchanter began the quest for the
                  | Orb.
     0 | D:1      | Reached XP level 1. HP: 10/10 MP: 3/3
   131 | D:1      | Reached skill level 1 in Short Blades
   517 | D:1      | Reached XP level 2. HP: 16/16 MP: 5/5
   633 | D:1      | Reached skill level 1 in Fighting
  1498 | D:2      | Reached XP level 3. HP: 11/20 MP: 6/6
  1708 | D:2      | Found a burning altar of Makhleb.
  1903 | D:2      | Reached skill level 4 in Stealth
  2163 | D:2      | Reached XP level 4. HP: 22/26 MP: 7/7
  3489 | D:3      | Reached XP level 5. HP: 22/31 MP: 8/8
  4191 | D:4      | Splashed by a jelly's acid

Illustrated notes

Levels and vault maps discovered:
D:1:      dpeg_arrival_oval, layout_basic
D:2:      layout_loops_ring, basic_altar, kennysheep_cross_room
D:3:      layout_loops_ring
D:4:      layout_loops_corners

Skill      XL: |  1  2  3 |
---------------+----------+-----
Short Blades   | 1 2 |  2.6
Fighting       | 1 2 |  2.8
Stealth        | 4 |  4.7
Dodging        | |  1.5
Spellcasting   | |  2.0
Hexes          | |  2.6

Action                   |  1- 3 |  4- 6 || total
-------------------------+-------+-------++-------
Melee: Dagger            |   167 |    63 ||   230
       Rapier            |       |    38 ||    38
       Punch             |       |     1 ||     1
Throw: Dart              |       |     9 ||     9
  Use: Scroll            |     2 |     3 ||     5
 Stab: Sleeping          |     8 |     4 ||    12
Armor: Robe              |    55 |    24 ||    79
Dodge: Dodged            |    82 |    43 ||   125

Table legend: (Time is in decaauts)
 A = Elapsed time spent in this place.
 B = Non-inter-level travel time spent in this place.
 C = Inter-level travel time spent in this place.
 D = Time resting spent in this place.
 E = Time spent auto-exploring this place.
 F = Levels seen in this place.
 G = Mean time per level.
                   A        B        C        D        E       F      G
               +--------+--------+--------+--------+--------+-----+--------+
         Total |   4169 |   3933 |    236 |    523 |   2658 |   4 | 1042.2 |
       Dungeon |   4169 |   3933 |    236 |    523 |   2658 |   4 | 1042.2 |
               +--------+--------+--------+--------+--------+-----+--------+

Top non-repeatable levels by time:
     D:1: 1392 daAuts
     D:3: 1226 daAuts
     D:2: 1103 daAuts
     D:4: 447 daAuts
